 Dungeon Crawl Stone Soup version 0.27-a0-448-gace5c5693b (webtiles) character file.

Game seed: 7780322517388774734

110819 rednaxela the Unseen (level 16, -7/69 HPs)
             Began as a Spriggan Enchanter on Feb 27, 2021.
             Was an Initiate of Gozag.
             Mangled by a goliath frog (15 damage)
             ... on level 2 of the Swamp.
             The game lasted 02:33:37 (43845 turns).

rednaxela the Unseen (Spriggan Enchanter)          Turns: 43845, Time: 02:33:37

Health: -7/69      AC:  2    Str:  6    XL:     16   Next: 8%
Magic:  0/36       EV: 32    Int: 25    God:    Gozag
Gold:   2248       SH:  0    Dex: 18    Spells: 7/45 levels left

rFire    + . .     SeeInvis +   a - +2 short sword (elec)
rCold    + + +     Faith    .   (shield restricted)
rNeg     + . .     Spirit   +   Y - +1 robe {rC+ rF+}
rPois    +         Reflect  .   q - +2 hat
rElec    +         Harm     .   m - +0 cloak
rCorr    .         Rampage  .   (gloves unavailable)
Will     ++...                  (boots unavailable)
Stlth    ++++++....             B - amulet of guardian spirit
HPRegen  0.21/turn              U - ring of Xuafa {+Blink rElec rPois Slay+6, =R}
MPRegen  0.25/turn              c - ring "Ehaoxy" {rC++ rN+ Int+6 SInv}

@: confusing touch, corroded, very quick
A: very small, unfitting armour, see invisible, speed 3
a: Renounce Religion, Evoke Blink, Potion Petition, Call Merchant, Bribe Branch


You were on level 2 of the Swamp.
You worshipped Gozag.
Gozag was most pleased with you.
You visited 5 branches of the dungeon, and saw 26 of its levels.

You collected 10032 gold pieces.
You spent 1410 gold pieces at shops.
You paid 6374 gold pieces to Gozag.

Inventory:

Hand Weapons
 a - a +2 short sword of electrocution (weapon)
   (You bought it in a shop on level 10 of the Dungeon)
 b - a +1 short sword of speed
   (You took it off a kobold on level 2 of the Dungeon)
 y - a +0 rapier
   (You found it on level 7 of the Dungeon)
Missiles
 h - 10 curare-tipped darts
 t - 5 throwing nets {!f}
Armour
 m - a +0 cloak (worn)
   (You found it on level 5 of the Dungeon)
 q - a +2 hat (worn)
   (You found it on level 5 of the Dungeon)
 A - a +0 buckler
   (You took it off a spriggan on level 1 of the Swamp)
 Y - a +1 robe of resistance (worn)
   (You took it off Jessica on level 3 of the Dungeon)
Magical Staves
 n - a staff of air
   (You found it on level 4 of the Dungeon)
Jewellery
 c - the ring "Ehaoxy" (right hand) {rC++ rN+ Int+6 SInv}
   (You found it on level 3 of the Lair of Beasts)

   [ring of intelligence]

   It affects your intelligence (+6).
   It greatly protects you from cold.
   It protects you from negative energy.
   It lets you see invisible.
 g - a ring of resist corrosion
   (You found it on level 3 of the Lair of Beasts)
 j - a ring of protection from fire
   (You found it on level 2 of the Dungeon)
 l - a ring of fire
   (You found it on level 4 of the Lair of Beasts)
 x - a ring of flight
   (You found it on level 9 of the Dungeon)
 B - an amulet of guardian spirit (around neck)
   (You found it on level 8 of the Dungeon)
 G - a ring of protection from cold
   (You found it on level 12 of the Dungeon)
 M - a ring of magical power
   (You found it on level 6 of the Lair of Beasts)
 S - a +4 ring of protection
   (You found it on level 14 of the Dungeon)
 U - the ring of Xuafa (left hand) {+Blink rElec rPois Slay+6, =R}
   (You bought it in a shop on level 6 of the Lair of Beasts)

   [ring of poison resistance]

   It affects your accuracy and damage with ranged weapons and melee attacks
   (+6).
   It insulates you from electricity.
   It protects you from poison.
   It lets you blink.
 W - a ring of willpower
   (You found it on level 15 of the Dungeon)
Wands
 k - a wand of polymorph (34)
   (You found it on level 3 of the Dungeon)
 w - a wand of digging (5) {@v3}
   (You found it on level 6 of the Dungeon)
 F - a wand of charming (13)
   (You found it on level 12 of the Dungeon)
 I - a wand of iceblast (40) {@v2}
   (You found it on level 1 of the Lair of Beasts)
 L - a wand of flame (11) {@v4}
   (You found it on level 4 of the Lair of Beasts)
 N - a wand of paralysis (9)
   (You found it on level 6 of the Lair of Beasts)
 Q - a wand of acid (22) {@v1}
   (You found it on level 6 of the Lair of Beasts)
Scrolls
 d - 9 scrolls of teleportation {@r3 !r}
 r - 2 scrolls of immolation
 v - 8 scrolls of enchant weapon
 D - 4 scrolls of enchant armour
 E - a scroll of fear {!r}
 K - 2 scrolls of magic mapping {@r5 !r}
 O - a scroll of silence
 R - 2 scrolls of fog {!r}
 V - a scroll of vulnerability
 X - a scroll of identify {@r1}
Potions
 e - 7 potions of heal wounds {@q2 !q}
 f - 3 potions of ambrosia {!q}
 i - a potion of berserk rage
 s - 5 potions of haste {@q4 !q}
 u - 3 potions of might {@q3 !q}
 z - 2 potions of magic {!q}
 C - 3 potions of brilliance
 H - 6 potions of lignification {@q5}
 J - 7 potions of curing {@q1 !q}
 T - a potion of invisibility {!q}
Miscellaneous
 o - a condenser vane
   (You found it on level 4 of the Dungeon)
 p - a lightning rod (4/4)
   (You found it on level 4 of the Dungeon)


   Skills:
 + Level 1.2 Fighting
 - Level 12.0 Short Blades
 - Level 4.0 Throwing
 + Level 15.1 Dodging
 + Level 15.2 Stealth
 - Level 15.0 Spellcasting
 + Level 12.3 Hexes
 - Level 15.0 Transmutations
 - Level 6.0 Earth Magic
 - Level 9.0 Evocations


You had 7 spell levels left.
You knew the following spells:

 Your Spells              Type           Power        Failure   Level
a - Dazzling Flash        Conj/Hex       98%          1%          3
b - Ensorcelled Hibernat  Hex/Ice        98%          1%          2
c - Confusing Touch       Hex            69%          1%          3
d - Tukima's Dance        Hex            69%          1%          3
e - Slow                  Hex            69%          1%          2
f - Irradiate             Conj/Tmut      27%          3%          5
m - Mephitic Cloud        Conj/Pois/Air  18%          9%          3
t - Blink                 Tloc           N/A          4%          2
z - Statue Form           Tmut/Erth      42%          6%          6
A - Apportation           Tloc           36%          3%          1
D - Discord               Hex            34%          77%         8

Your spell library contained the following spells:

 Spells                   Type           Power        Failure   Level
 Beastly Appendage        Tmut           100%         0%          1
 Wereblood                Tmut           76%          0%          2
 Corona                   Hex            76%          1%          1
 Inner Flame              Hex/Fire       49%          1%          3
 Portal Projectile        Hex/Tloc       98%          1%          3
 Spider Form              Tmut/Pois      27%          1%          3
 Summon Guardian Golem    Hex/Summ       49%          1%          3
 Cause Fear               Hex            34%          1%          4
 Ice Form                 Ice/Tmut       54%          1%          4
 Leda's Liquefaction      Hex/Erth       29%          1%          4
 Blade Hands              Tmut           38%          1%          5
 Yara's Violent Unravell  Hex/Tmut       36%          1%          5
 Hydra Form               Tmut           38%          1%          6
 Fulminant Prism          Conj/Hex       24%          2%          4
 Animate Skeleton         Necr           36%          3%          1
 Freeze                   Ice            72%          3%          1
 Magic Dart               Conj           72%          3%          1
 Pain                     Necr           72%          3%          1
 Summon Small Mammal      Summ           72%          3%          1
 Call Imp                 Summ           18%          4%          2
 Corpse Rot               Necr/Air       N/A          4%          2
 Searing Ray              Conj           36%          4%          2
 Sublimation of Blood     Necr           9%           4%          2
 Metabolic Englaciation   Hex/Ice        24%          6%          5
 Silence                  Hex/Air        24%          6%          5
 Call Canine Familiar     Summ           18%          9%          3
 Conjure Flame            Conj/Fire      18%          9%          3
 Vampiric Draining        Necr           9%           9%          3
 Borgnjor's Vile Clutch   Necr/Erth      16%          24%         5
 Animate Dead             Necr           9%           28%         4
 Dispel Undead            Necr           18%          28%         4
 Iskenderun's Mystic Bla  Conj/Tloc      18%          28%         4
 Summon Ice Beast         Ice/Summ       18%          28%         4
 Summon Lightning Spire   Summ/Air       18%          28%         4
 Bolt of Magma            Conj/Fire/Erth 14%          34%         5
 Agony                    Necr           18%          63%         5
 Excruciating Wounds      Necr           9%           63%         5
 Iron Shot                Conj/Erth      16%          78%         6
 Death Channel            Necr           9%           99%         6


Dungeon Overview and Level Annotations

Branches:
Dungeon (15/15)            Temple (1/1) D:4            Lair (6/6) D:10
  Swamp (2/4) Lair:2       Spider (0/4) Lair:3        Slime (0/5) Lair:5
    Orc (2/2) D:10            Elf (0/3) Orc:2        Vaults (0/5) D:14
 Depths (0/5) D:15

Altars:
Ashenzari
Cheibriados
Dithmenos
Fedhas
Gozag
Hepliaklqana
Kikubaaqudgha
Makhleb
Nemelex Xobeh
Okawaru
Qazlal
Ru
Sif Muna
Trog
Uskayaw
Vehumet
Wu Jian
Xom
Yredelemnul
Zin
The Shining One
Jiyva

Shops:
D:5 [   D:7 (((   D:10 ((   Orc:2 =([   Lair:1 (   Lair:4 (=   Lair:6 =

Annotations:
D:4 2 runed translucent doors
D:5 1 runed translucent door, dolemite99's ghost, novice MiAK
Lair:3 exclusion: ice statue
Lair:4 exclusion: 4 oklob plants
Swamp:1 Roxanne


Innate Abilities, Weirdness & Mutations

You are very small and have problems with some larger weapons.
You are too small for most types of armour.
You have supernaturally acute eyesight. (SInv)
You cover ground extremely quickly.


Message History

You enter the shallow water.
Moving in this stuff is going to be slow.
Casting: Dazzling Flash (safe; 1% risk of failure)
Confirm with . or Enter, or press ? or * to list all spells.
The spell is quite dangerous to cast (9% risk of failure)!
Continue anyway? [Y]es or [N]o only, please.
The spell is quite dangerous to cast (9% risk of failure)!
Continue anyway? [Y]es or [N]o only, please.
The spell is quite dangerous to cast (9% risk of failure)!
Continue anyway?
Okay, then.
Casting: Statue Form (quite dangerous; 9% risk of failure)
Confirm with . or Enter, or press ? or * to list all spells.
The spell is quite dangerous to cast (9% risk of failure)!
Continue anyway?
You turn into a living statue of rough stone.
Your +1 robe of resistance melds into your body.
You feel hot and cold all over. The bog body casts a spell at you.
The bolt of cold misses you. The goliath frog closely misses you.
You puncture the bog body!
The bog body is heavily damaged.
The bog body completely misses you. The goliath frog completely misses you.
You completely miss the bog body.
The bog body is heavily damaged.
The bog body barely misses you. The goliath frog closely misses you.
You completely miss the bog body.
The bog body is heavily damaged.
The bog body misses you. The goliath frog misses you.
You closely miss the bog body.
The bog body is heavily damaged.
You puncture the bog body!
The bog body is severely damaged.
The goliath frog barely misses you. The bog body misses you.
You barely miss the bog body.
The bog body is severely damaged.
The goliath frog hits you.
You are splashed with acid.
The bog body casts a spell at you. The bolt of cold hits you!!
* * * LOW HITPOINT WARNING * * *
You puncture the goliath frog!
The goliath frog is lightly wounded.
The goliath frog misses you. The bog body misses you.
Casting: Statue Form (dangerous; 9% risk of failure)
Confirm with . or Enter, or press ? or * to list all spells.
Aiming: Ensorcelled Hibernation (safe; 1% risk of failure)
Press: ? - help, Shift-Dir - straight line, f - goliath frog
Aim: a goliath frog (lightly wounded, chance to affect: 30%)
Okay, then.
Casting: Ensorcelled Hibernation (safe; 1% risk of failure)
Confirm with . or Enter, or press ? or * to list all spells.
Your hands begin to glow red.
The goliath frog hits you but does no damage.
The bog body completely misses you.
The goliath frog hits you but does no damage.
You barely miss the goliath frog.
The goliath frog is lightly wounded.
The bog body casts a spell at you. The bolt of cold hits you.
* * * LOW HITPOINT WARNING * * *
The goliath frog hits you.
* * * LOW HITPOINT WARNING * * *
The acid corrodes you!
You are splashed with acid!
* * * LOW HITPOINT WARNING * * *
You closely miss the goliath frog.
The goliath frog is lightly wounded.
The goliath frog hits you but does no damage.
The bog body barely misses you.
You hit the bog body but do no damage.
The bog body is severely damaged.
A goliath frog comes into view.
The goliath frog closely misses you.
You hit the bog body but do no damage.
The bog body is severely damaged.
The bog body casts a spell at you. The bolt of cold hits you!
* * * LOW HITPOINT WARNING * * *
The goliath frog completely misses you.
You remove your ring of flight.
The bog body casts a spell at you. The bolt of cold hits you.
* * * LOW HITPOINT WARNING * * *
You feel clever.
c - the ring "Ehaoxy" (right hand) {rC++ rN+ Int+6 SInv} The goliath frog barely misses you.
The bog body touches you but does no damage.
The goliath frog barely misses you.
The goliath frog hits you but does no damage.
You revert to your normal fleshy form.
Your +1 robe of resistance unmelds from your body.
You feel resistant to extremes of temperature.
The goliath frog hits you from afar!
* * * LOW HITPOINT WARNING * * *
You are splashed with acid.
* * * LOW HITPOINT WARNING * * *
The bog body touches you.
* * * LOW HITPOINT WARNING * * *
The bog body freezes you. You resist.
* * * LOW HITPOINT WARNING * * *
The goliath frog completely misses you. The goliath frog hits you from afar!!
You die...
Your body crumbles into a pile of gold.

♣♣≈....[..≈≈§.♣
♣♣♣≈♣[[≈≈≈≈≈.♣♣♣♣
♣♣♣♣♣≈≈≈≈.....♣
♣.≈...>≈≈§♣
♣....≈♣..♣♣
♣♣♣...♣♣≈.♣
♣♣...♣♣♣ ♣≈.≈≈♣♣♣
♣♣≈@..≈♣♣
♣♣n.≈≈≈♣ ♣≈FF≈≈.♣
≈...≈≈≈≈♣
♣≈.≈≈.≈≈....
♣≈.≈≈≈...≈≈§§
♣≈§§≈≈≈...≈≈§≈
.≈.≈≈§≈≈.≈..≈≈§
♣♣≈≈..≈##≈#≈###


You could see 2 goliath frogs and a bog body.

Vanquished Creatures
  An orc warlord (Orc:1)
  An eleionoma (Swamp:1)
  A vault guard (D:14)
  Harold (Lair:1)
  An ice dragon (Lair:3)
  2 boulder beetles
  13 hydras
  5 centaur warriors
  2 alligators (Swamp:1)
  A two-headed ogre (D:4)
  10 death yaks
  2 orc high priests (Orc:2)
  A shadow wraith (D:14)
  Nergalle (D:11)
  6 skeletal warriors
  A fire crab (D:15)
  An unseen horror (D:11)
  A goliath frog (Swamp:1)
  A spriggan druid (Swamp:2)
  A flayed ghost (D:15)
  A swamp dragon (Swamp:1)
  A lindwurm (Lair:3)
  A necromancer (D:15)
  2 orc knights
  3 orc sorcerers
  4 ugly things
  A frost giant zombie (D:15)
  A tengu skeleton (D:15)
  An iron dragon zombie (D:15)
  2 cyclopes
  A will-o-the-wisp (Swamp:2)
  2 centaur zombies
  8 black mambas
  20 elephants
  3 torpor snails
  24 cane toads
  A rime drake (shapeshifter) (D:14)
  2 efreet (D:13)
  9 komodo dragons
  3 rime drakes
  2 ice devils (Lair:2)
  A bloated husk (Swamp:1)
  A merfolk (D:14)
  7 polar bears
  9 tyrant leeches
  4 trolls
  A hornet (D:10)
  38 blink frogs
  A deep troll zombie (D:15)
  15 slime creatures
  A redback (Lair:3)
  2 spriggans
  Sigmund (D:4)
  2 vampires
  54 yaks
  3 shadows
  3 wraiths
  3 basilisks
  A yak (shapeshifter) (D:13)
  7 wyverns
  13 vampire mosquitoes
  5 swamp worms
  5 wargs
  3 soldier ants
  20 water moccasins
  3 black bears
  7 ice beasts
  28 orc warriors
  An eye of draining (shapeshifter) (D:14)
  An eye of draining (D:13)
  3 sky beasts
  10 ogres
  14 centaurs
  12 wolves
  4 kobold brigands
  5 phantoms
  Blork the orc (D:3)
  33 bullfrogs
  A wyvern zombie (D:12)
  4 scorpions
  2 wyvern skeletons (D:13)
  5 killer bees (D:9)
  19 wights
  3 electric eels
  4 howler monkeys
  3 bullfrog zombies
  2 quasits
  8 hounds
  A jelly (D:4)
  4 orc priests
  3 centaur skeletons
  Jessica (D:3)
  25 orc wizards
  10 worker ants
  2 worker ant zombies
  Robin (D:3)
  12 adders
  3 white imps
  3 oozes
  An adder skeleton (D:4)
  4 worms
  2 dart slugs
  5 leopard geckos
  65 orcs
  4 ball pythons
  4 giant cockroaches
  21 goblins
  15 hobgoblins
  6 jackals
  25 kobolds
  A quokka (D:11)
  A ball python skeleton (D:4)
  6 bats
  6 frilled lizards
  A jackal skeleton (D:4)
  A leopard gecko skeleton (D:8)
  A quokka skeleton (D:6)
  5 rats
757 creatures vanquished.

Vanquished Creatures (collateral kills)
  Rupert (D:13)
  An orc warlord (Orc:1)
  2 two-headed ogres
  A tengu warrior (D:14)
  An orc high priest (Orc:2)
  A skeletal warrior (D:14)
  A deep elf pyromancer (D:13)
  2 orc sorcerers (Orc:2)
  A troll (Orc:1)
  8 orc warriors
  An ogre (Orc:2)
  5 wights
  2 orc wizards
  4 orcs
  A goblin (D:5)
  A quokka (D:4)
33 creatures vanquished.

Vanquished Creatures (others)
  A bloated husk (Swamp:2)
  A spriggan (Swamp:2)
  A swamp worm (Swamp:2)
  7 dancing weapons
  An orc (D:10)
  13 foxfires (Swamp:2)
  82 fungi
  122 plants
  7 withered plants (D:15)
235 creatures vanquished.

Grand Total: 1025 creatures vanquished

Notes
Turn   | Place    | Note
-------+----------+-------------------------------------------
     0 | D:1      | rednaxela the Spriggan Enchanter began the quest for the
                  | Orb.
     0 | D:1      | Reached XP level 1. HP: 9/9 MP: 5/5
   308 | D:1      | Reached XP level 2. HP: 13/13 MP: 6/6
   311 | D:1      | Learned a level 2 spell: Ensorcelled Hibernation
   356 | D:1      | Reached skill level 3 in Dodging
   516 | D:1      | Reached skill level 3 in Spellcasting
   775 | D:1      | Reached skill level 4 in Hexes
  1792 | D:2      | Reached XP level 3. HP: 16/16 MP: 3/8
  2289 | D:2      | Found a stormy altar of Qazlal.
  2553 | D:2      | Learned a level 3 spell: Confusing Touch
  2557 | D:2      | Learned a level 3 spell: Tukima's Dance
  2582 | D:3      | Found a hide-covered altar of Uskayaw.
  3251 | D:3      | Noticed Robin
  3447 | D:3      | Reached skill level 4 in Spellcasting
  3447 | D:3      | Reached XP level 4. HP: 21/21 MP: 8/11
  3520 | D:4      | Noticed Blork the orc
  3726 | D:3      | Killed Blork the orc
  3727 | D:3      | Reached skill level 2 in Short Blades
  3727 | D:3      | Reached skill level 1 in Throwing
  3727 | D:3      | Reached skill level 5 in Hexes
  3727 | D:3      | Reached XP level 5. HP: 23/24 MP: 9/12
  4024 | D:3      | Reached skill level 5 in Stealth
  4034 | D:3      | Killed Robin
  4070 | D:3      | Noticed Jessica
  4077 | D:3      | Killed Jessica
  4147 | D:3      | Reached skill level 4 in Dodging
  4152 | D:3      | Reached XP level 6. HP: 19/28 MP: 7/13
  4531 | D:3      | Found a shimmering altar of Xom.
  4710 | D:4      | Found a staircase to the Ecumenical Temple.
  4720 | Temple   | Entered the Ecumenical Temple
  4819 | Temple   | Became a worshipper of Gozag Ym Sagoz the Greedy
  4885 | D:4      | Reached skill level 3 in Short Blades
  4885 | D:4      | Reached skill level 2 in Throwing
  5240 | D:4      | Found a large runed translucent door.
  5240 | D:4      | Found a large runed translucent door.
  5241 | D:4      | Found the +9 staff of Olgreb {rPois∞}
  5276 | D:4      | Reached XP level 7. HP: 31/32 MP: 4/14
  5494 | D:4      | Found a large runed translucent door.
  5494 | D:4      | Found a large runed translucent door.
  5534 | D:4      | Reached skill level 3 in Throwing
  5545 | D:4      | Noticed a two-headed ogre
  5558 | D:4      | Killed a two-headed ogre
  5559 | D:4      | Reached skill level 4 in Short Blades
  5559 | D:4      | Reached skill level 4 in Throwing
  5559 | D:4      | Reached skill level 5 in Dodging
  5559 | D:4      | Reached skill level 6 in Stealth
  5559 | D:4      | Reached skill level 6 in Hexes
  5559 | D:4      | Reached XP level 8. HP: 34/36 MP: 3/15
  5688 | D:4      | Reached skill level 5 in Short Blades
  5979 | D:4      | Found a bloodstained altar of Trog.
  5979 | D:4      | Found a snail-covered altar of Cheibriados.
  5980 | D:4      | Found a sparkling altar of Nemelex Xobeh.
  6238 | D:4      | Reached skill level 7 in Stealth
  6249 | D:4      | Identified the Disquisition on the Sinister Glacier
  6307 | D:5      | Entered Level 5 of the Dungeon
  6470 | D:5      | Found a runed translucent door.
  6502 | D:5      | Found a broken altar of Ashenzari.
  6561 | D:5      | Reached skill level 6 in Dodging
  6705 | D:5      | Noticed dolemite99's ghost (novice MiAK)
  7058 | D:5      | Found Lyip's Armour Emporium.
  7076 | D:5      | Reached skill level 6 in Short Blades
  7095 | D:5      | Reached skill level 7 in Hexes
  7200 | D:5      | Noticed Sigmund
  7327 | D:4      | Killed Sigmund
  7605 | D:5      | Reached skill level 8 in Stealth
  8090 | D:6      | Reached skill level 7 in Short Blades
  8090 | D:6      | Reached XP level 9. HP: 31/39 MP: 16/16
  8553 | D:7      | Learned a level 2 spell: Blink
  8555 | D:7      | Learned a level 1 spell: Apportation
  8558 | D:7      | Learned a level 2 spell: Slow
  8560 | D:7      | Found Jacvav's Antique Weapon Emporium.
  8788 | D:7      | Found Roont's Antique Weapon Boutique.
  8915 | D:7      | Reached skill level 7 in Dodging
  9084 | D:7      | Found a flagged portal.
  9551 | D:8      | Reached skill level 9 in Stealth
  9551 | D:8      | Reached skill level 8 in Hexes
  9581 | D:8      | Reached skill level 8 in Short Blades
 10464 | D:9      | Reached skill level 8 in Dodging
 11140 | D:9      | Reached skill level 9 in Short Blades
 11144 | D:9      | Reached skill level 10 in Stealth
 11144 | D:9      | Reached XP level 10. HP: 27/44 MP: 7/17
 11464 | D:9      | Reached skill level 9 in Hexes
 11564 | D:9      | Found a glowing golden altar of the Shining One.
 12167 | D:10     | Entered Level 10 of the Dungeon
 12319 | D:9      | Reached skill level 9 in Dodging
 12384 | D:10     | Found Rainto's Antique Weapon Boutique.
 12607 | D:10     | Reached skill level 10 in Short Blades
 12723 | D:10     | Found a staircase to the Lair.
 13074 | D:10     | Noticed Nergalle
 13177 | D:11     | Noticed a two-headed ogre
 13196 | D:11     | Killed a two-headed ogre
 13197 | D:11     | Reached skill level 11 in Stealth
 13622 | D:12     | Found an iron altar of Okawaru.
 14503 | D:10     | Reached XP level 11. HP: 47/47 MP: 7/18
 14635 | D:10     | Reached skill level 10 in Dodging
 14635 | D:10     | Reached skill level 10 in Hexes
 14662 | D:10     | Reached skill level 11 in Short Blades
 15125 | D:10     | Found a staircase to the Orcish Mines.
 15362 | D:10     | Bought a +2 short sword of electrocution for 351 gold
                  | pieces
 15380 | D:10     | Found a burning altar of Makhleb.
 15817 | D:11     | Found a burning altar of Makhleb.
 15931 | D:12     | Noticed a purple ugly thing
 15945 | D:11     | Killed a purple ugly thing
 16023 | D:11     | Killed Nergalle
 16024 | D:11     | Reached skill level 12 in Stealth
 16113 | D:11     | Learned a level 3 spell: Dazzling Flash
 16142 | D:12     | Noticed an unseen horror
 16163 | D:11     | Killed an unseen horror
 16261 | D:12     | Found a blossoming altar of Fedhas.
 17604 | Lair:1   | Entered Level 1 of the Lair of Beasts
 17668 | Lair:1   | Reached skill level 12 in Short Blades
 17842 | Lair:1   | Reached skill level 11 in Dodging
 18047 | Lair:1   | Noticed an eight-headed hydra
 18644 | Lair:1   | Reached skill level 11 in Hexes
 18906 | Lair:1   | Reached skill level 13 in Stealth
 18965 | Lair:1   | Noticed Harold
 18980 | Lair:1   | Killed Harold
 18981 | Lair:1   | Reached skill level 5 in Spellcasting
 18989 | Lair:1   | Killed an eight-headed hydra
 19013 | Lair:1   | Reached XP level 12. HP: 42/51 MP: 17/21
 19189 | Lair:1   | Noticed a five-headed hydra
 19214 | Lair:1   | Killed a five-headed hydra
 19239 | Lair:1   | Reached skill level 6 in Spellcasting
 19788 | Lair:2   | Noticed a four-headed hydra
 19790 | Lair:2   | Killed a four-headed hydra
 19791 | Lair:2   | Reached skill level 12 in Dodging
 19807 | Lair:2   | Reached skill level 14 in Stealth
 19830 | Lair:2   | Learned a level 3 spell: Mephitic Cloud
 20059 | Lair:2   | Reached skill level 7 in Spellcasting
 20176 | Lair:2   | Reached skill level 12 in Hexes
 20765 | Lair:2   | Reached skill level 1 in Evocations
 20979 | Lair:1   | Reached skill level 2 in Evocations
 21307 | Lair:2   | Reached skill level 8 in Spellcasting
 21347 | Lair:2   | Found a staircase to the Swamp.
 21582 | Lair:2   | Reached skill level 3 in Evocations
 21730 | Lair:2   | Reached skill level 15 in Stealth
 21847 | Lair:3   | Noticed a boulder beetle
 21858 | Lair:3   | Reached skill level 13 in Dodging
 21961 | Lair:3   | Reached skill level 4 in Evocations
 22188 | Lair:3   | Reached XP level 13. HP: 45/55 MP: 14/26
 22398 | Lair:3   | Reached skill level 5 in Evocations
 22403 | Lair:3   | Reached skill level 9 in Spellcasting
 22765 | Lair:3   | Reached skill level 6 in Evocations
 23278 | Lair:3   | Found a hole to the Spider Nest.
 23286 | Lair:3   | Reached skill level 14 in Dodging
 23521 | Lair:3   | Reached skill level 7 in Evocations
 23643 | Lair:3   | Reached skill level 10 in Spellcasting
 23729 | Lair:3   | Identified the ring "Ehaoxy" {rC++ rN+ Int+6 SInv}
 24040 | Lair:4   | You fall into a shaft and drop 2 floors!
 24040 | Lair:6   | Entered Level 6 of the Lair of Beasts
 24087 | Lair:5   | Reached skill level 8 in Evocations
 24831 | Lair:4   | Identified 2 scrolls of acquirement
 25038 | Lair:2   | Acquired 1056 gold pieces
 25040 | Lair:2   | Acquired quicksilver dragon scales
 25194 | Lair:3   | Reached skill level 11 in Spellcasting
 25361 | Lair:3   | Reached skill level 9 in Evocations
 25581 | Lair:4   | Reached skill level 15 in Dodging
 25845 | Lair:4   | Reached XP level 14. HP: 59/59 MP: 27/30
 26352 | Lair:5   | Reached skill level 12 in Spellcasting
 26530 | Lair:5   | Found a viscous altar of Jiyva.
 26530 | Lair:5   | Found a staircase to the Slime Pits.
 26853 | Lair:4   | Acquired the Disquisition on Ashen Transmigration
 27760 | Lair:5   | Reached skill level 13 in Spellcasting
 28272 | Lair:5   | Learned a level 6 spell: Statue Form
 28888 | Lair:6   | Reached skill level 14 in Spellcasting
 29506 | Lair:6   | Found a blossoming altar of Fedhas.
 29871 | Lair:6   | Reached skill level 15 in Spellcasting
 29922 | Lair:6   | Reached skill level 1 in Transmutations
 29947 | Lair:6   | Reached skill level 2 in Transmutations
 30141 | Lair:6   | Reached skill level 3 in Transmutations
 30262 | Lair:6   | Reached skill level 4 in Transmutations
 30416 | Lair:6   | Reached skill level 5 in Transmutations
 30558 | Lair:6   | Reached skill level 6 in Transmutations
 30655 | Lair:6   | Reached skill level 7 in Transmutations
 31017 | Lair:3   | Identified the +5 robe of the Trees {Harm Regen+ Int+5}
 31238 | Lair:6   | Reached skill level 8 in Transmutations
 32342 | D:13     | Noticed Rupert
 32525 | D:13     | Reached skill level 9 in Transmutations
 32934 | D:13     | Reached XP level 15. HP: 46/63 MP: 19/35
 33134 | D:13     | Reached skill level 10 in Transmutations
 33695 | D:13     | Killed Rupert
 34176 | D:14     | Reached skill level 11 in Transmutations
 34996 | D:14     | Reached skill level 12 in Transmutations
 35108 | D:14     | Found a gate to the Vaults.
 35635 | Lair:6   | Bought the ring of Xuafa {+Blink rElec rPois Slay+6} for
                  | 1059 gold pieces
 35912 | D:15     | Entered Level 15 of the Dungeon
 37015 | D:15     | Reached skill level 13 in Transmutations
 37685 | D:15     | Reached skill level 14 in Transmutations
 37687 | D:15     | Found a staircase to the Depths.
 38438 | Orc:1    | Entered Level 1 of the Orcish Mines
 38675 | Orc:1    | Noticed an orc warlord
 38708 | Orc:1    | Killed an orc warlord
 38771 | Orc:1    | Reached skill level 15 in Transmutations
 39330 | Orc:1    | Reached skill level 1 in Earth Magic
 39596 | Orc:2    | Entered Level 2 of the Orcish Mines
 39755 | Orc:2    | Reached skill level 2 in Earth Magic
 39766 | Orc:2    | Found Dann's Antique Armour Shoppe.
 39815 | Orc:2    | Noticed an orc warlord
 39816 | Orc:2    | Found Esefun's Antique Weapon Boutique.
 40270 | Orc:1    | Reached skill level 3 in Earth Magic
 40594 | Orc:1    | Killed an orc warlord
 40762 | Orc:2    | Found a staircase to the Elven Halls.
 40772 | Orc:2    | Reached skill level 4 in Earth Magic
 40945 | Orc:2    | Found an iron altar of Okawaru.
 41137 | Orc:2    | Found Qerhaoc's Jewellery Shoppe.
 41394 | Orc:2    | Found Etyhin's General Store.
 42397 | Swamp:1  | Entered Level 1 of the Swamp
 42520 | Swamp:1  | Reached skill level 5 in Earth Magic
 42810 | Swamp:1  | Noticed Roxanne
 42914 | Swamp:1  | Reached skill level 6 in Earth Magic
 42943 | Swamp:1  | Learned a level 5 spell: Irradiate
 42952 | Swamp:1  | Learned a level 8 spell: Discord
 43465 | Swamp:2  | Reached XP level 16. HP: 67/67 MP: 29/36
 43626 | Swamp:1  | Reached skill level 1 in Fighting
 43845 | Swamp:2  | Mangled by a goliath frog

Illustrated notes

Levels and vault maps discovered:
D:1:      scummos_arrival_simple_fountains, layout_loops_ring,
          chequers_serial_rivers_micro_c, grunt_decor_arrowhead
D:2:      layout_loops_ring, chequers_jeans, lemuel_statue_altar
D:3:      layout_basic, lemuel_crystal_altar, overflow_temple_1_default,
          hex_large, uniq_robin, uniq_jessica
D:4:      layout_loops_ring, gammafunk_temple_overflow_claw,
          minmay_temple_entry_antechambers, minmay_misc_feat_roman,
          hangedman_abyss_or_decor_lesser_grid, minmay_hollow_rounded_squares,
          uniq_blork_the_orc
D:5:      corexii_shack_village, layout_basic, cheibrodos_ashenzari_chains,
          ebering_ghost_sewer_d, serial_shops, nicolae_shop_stone,
          solitary_fountain, sigmund_army, uniq_sigmund
D:6:      layout_basic, minmay_holes
D:7:      layout_basic, serial_shops,
          nicolae_shop_temple_entry_statues_fountains, shop_statue,
          enter_bailey_6
D:8:      lemuel_ice_spiral_2, layout_rooms
D:9:      layout_stronghold, serial_rivers, chequers_serial_rivers_room_b,
          chequers_serial_rivers_micro_a, chequers_serial_rivers_small_3,
          chequers_serial_rivers_micro_a, chequers_serial_rivers_small_a,
          nicolae_tso_swordbearing_angel
D:10:     layout_basic, lair_entry_dummy, erik_orc_2, serial_shops,
          shop_fountains, lemuel_hellish_altar, uniq_nergalle
D:11:     layout_irregular_city, basic_altar
D:12:     layout_irregular_city, basic_altar, serial_column_ruins,
          column_ruins_open_tiny, column_ruins_columns_corner,
          column_ruins_grid_1, column_ruins_open_small_water,
          column_ruins_open_small, column_ruins_open_small,
          column_ruins_open_tiny, fedhas_altar_2
D:13:     layout_loops_corners, uniq_rupert
D:14:     layout_loops_ring, david_vaults_4, abandoned_shop,
          nicolae_two_hexagons, hangedman_fish_farm
D:15:     gammafunk_depths_entry_grave, layout_cave_pools,
          minmay_mirror_moons_of_madness
Temple:   lightli_temple_of_artemis
Lair:1:   layout_cave_pods, uniq_harold
Lair:2:   layout_regular_city, swamp_mist, portal_ice_cave_demonic_guard
Lair:3:   layout_loops_ring, spider_nest_entry_webs, ice2_lemuel
Lair:4:   layout_regular_city, grunt_megastairs_1, minmay_lair_oklob_chamber
Lair:5:   layout_roguey, slime_altar_1, chequers_serial_rivers_large_a,
          infiniplex_staircase_pool_2
Lair:6:   minmay_lair_end_frog_pond, layout_long_grid,
          nicolae_volcano_entry_lava_flow, lemuel_altar_in_water2
Swamp:1:  layout_basic_swamp, nicolae_swamp_trees_clearing, swamp_pool4,
          infiniplex_staircase_pool, uniq_roxanne
Swamp:2:  layout_basic_swamp, nicolae_swamp_round_clearing, swamp_pool3,
          grunt_ruined_hall
Orc:1:    layout_diamond_mine
Orc:2:    grunt_orc_gardens, layout_caves, grunt_orc_garden, grunt_orc_garden,
          grunt_orc_garden, grunt_orc_garden, okawaru_metal_pillars_3

Skill      XL: |  1  2  3  4  5  6  7  8  9 10 11 12 13 14 15 16 |
---------------+-------------------------------------------------+-----
Dodging        | 3 4 5 6 8 9 11 13 15 | 15.1
Spellcasting   | 3 4 5 8 11 15 | 15.0
Hexes          | 4 5 6 7 8 9 11 12 | 12.3
Short Blades   | 2 3 4 7 9 10 12 | 12.0
Throwing       | 1 2 4 |  4.0
Stealth        | 5 6 8 10 11 13 15 | 15.2
Evocations     | 4 9 |  9.0
Transmutations | 9 15 | 15.0
Earth Magic    | 6 |  6.0
Fighting       | 1 |  1.2

Action                   |  1- 3 |  4- 6 |  7- 9 | 10-12 | 13-15 | 16-18 || total
-------------------------+-------+-------+-------+-------+-------+-------++-------
Melee: Dagger            |    37 |       |       |       |       |       ||    37
       Short sword       |    34 |   148 |   414 |   850 |  1557 |    58 ||  3061
Throw: Dart              |       |       |       |     2 |       |       ||     2
 Cast: Corona            |     2 |     1 |       |       |       |       ||     3
       Ensorcelled Hiber |    50 |    29 |    46 |   149 |   165 |     1 ||   440
       Confusing Touch   |       |     7 |    23 |    47 |   206 |     1 ||   284
       Tukima's Dance    |       |     1 |    15 |    33 |    67 |       ||   116
       Dazzling Flash    |       |       |       |    11 |     4 |     1 ||    16
       Slow              |       |       |       |       |     7 |       ||     7
       Statue Form       |       |       |       |       |    13 |     5 ||    18
Invok: Call Merchant     |       |       |     1 |     2 |     3 |       ||     6
 Abil: End Transformatio |       |       |       |       |       |     2 ||     2
       Evoke Flight      |       |       |       |       |       |     1 ||     1
Evoke: Lightning rod     |       |       |       |     1 |       |       ||     1
  Use: Scroll            |     4 |       |    13 |     3 |    11 |       ||    31
       Potion            |       |       |       |     2 |     1 |       ||     3
 Stab: Sleeping          |    37 |    24 |    41 |    79 |   115 |     1 ||   297
       Confused          |       |     8 |    21 |    49 |   195 |       ||   273
       Distracted        |       |       |     3 |     3 |     8 |       ||    14
       Invisible         |       |       |       |    10 |       |       ||    10
Armor: Robe              |     3 |    12 |    10 |    29 |     7 |       ||    61
       Quicksilver drago |       |       |       |       |   121 |       ||   121
       Skin              |       |       |       |       |    26 |    19 ||    45
Dodge: Dodged            |    46 |    95 |   203 |   520 |   959 |   110 ||  1933

Table legend: (Time is in decaauts)
 A = Elapsed time spent in this place.
 B = Non-inter-level travel time spent in this place.
 C = Inter-level travel time spent in this place.
 D = Time resting spent in this place.
 E = Time spent auto-exploring this place.
 F = Levels seen in this place.
 G = Mean time per level.
                   A        B        C        D        E       F      G
               +--------+--------+--------+--------+--------+-----+--------+
         Total |  34783 |  33571 |   1212 |   8784 |  16715 |  26 | 1337.8 |
       Dungeon |  19084 |  18601 |    483 |   5248 |   9366 |  15 | 1272.3 |
        Temple |     69 |     62 |      7 |      0 |     54 |   1 |   69.0 |
          Lair |  11383 |  10731 |    652 |   2542 |   5412 |   6 | 1897.2 |
         Swamp |   1625 |   1619 |      6 |    355 |    617 |   2 |  812.5 |
  Orcish Mines |   2621 |   2559 |     62 |    639 |   1264 |   2 | 1310.5 |
               +--------+--------+--------+--------+--------+-----+--------+

Top non-repeatable levels by time:
    D:10: 2348 daAuts
  Lair:6: 2322 daAuts
  Lair:2: 2291 daAuts
     D:2: 2083 daAuts
  Lair:3: 1970 daAuts
    D:13: 1921 daAuts
  Lair:1: 1670 daAuts
    D:14: 1653 daAuts
  Lair:5: 1605 daAuts
  Lair:4: 1522 daAuts
   Orc:1: 1492 daAuts
    D:11: 1424 daAuts
 Swamp:1: 1389 daAuts
     D:4: 1336 daAuts
     D:9: 1331 daAuts
